 Dungeon Crawl Stone Soup version 0.21-a0-2-ge494091 (webtiles) character file.

12 ArtsTyrian the Changer (level 2, 0/18 HPs)
             Began as an Octopode Wanderer on May 22, 2017.
             Slain by a kobold
             ... wielding a +0 whip
              (5 damage)
             ... on level 1 of the Dungeon.
             The game lasted 00:02:47 (338 turns).

ArtsTyrian the Changer (Octopode Wanderer)           Turns: 338, Time: 00:02:48

Health: 0/18       AC:  1    Str: 11    XL:     2   Next: 33%
Magic:  5/5        EV: 12    Int: 12    God:
Gold:   15         SH:  0    Dex: 13    Spells: 5/6 levels left

rFire    . . .     SeeInvis .   d - +0 dagger
rCold    . . .     Gourm    .   (no shield)
rNeg     . . .     Faith    .   (helmet restricted)
rPois    .         Spirit   .   (no amulet)
rElec    .         Reflect  .   (no ring)
rCorr    .         Harm     .   (no ring)
MR       .....                  (no ring)
Stlth    ++........             (no ring)
Regen    0.1/turn               (no ring)
MPRegen  0.1/turn               (no ring)
                                (no ring)
                                (no ring)

@: no status effects
A: almost no armour, stealthy swim, amphibious, 8 rings, constrict 8, camouflage
1, gelatinous body 1
a: no special abilities


You were on level 1 of the Dungeon.
You were not hungry.

You visited 1 branch of the dungeon, and saw 1 of its levels.

You collected 15 gold pieces.

Inventory:

Hand Weapons
 d - a +0 dagger (weapon)
Missiles
 e - 11 stones (quivered)
Scrolls
 c - 2 scrolls of teleportation
Potions
 g - 2 potions of curing {unknown}
 h - a potion of lignification {unknown}
 j - a potion of resistance {unknown}
Books
 b - Sif Muna's Guide on Clay

   Spells                             Type                      Level
   a - Sandblast                      Earth                        1
   b - Stone Arrow                    Conjuration/Earth            3
Miscellaneous
 a - a lamp of fire
Comestibles
 f - a bread ration
 i - a meat ration


   Skills:
 + Level 0.4 Fighting
 + Level 0.2 Dodging
 + Level 2.6 Spellcasting
   Level 1.0 Translocations
   Level 4.0 Transmutations
 + Level 1.0 Earth Magic
 - Level 2.1 Evocations


You had 5 spell levels left.
You knew the following spells:

 Your Spells              Type           Power        Failure   Level  Hunger
a - Sandblast             Erth           #.....       17%         1    #......


Dungeon Overview and Level Annotations

Branches:
Dungeon (1/15)

Altars:
The Shining One


Innate Abilities, Weirdness & Mutations

You cannot wear most types of armour.
You are very stealthy in the water. (Stealth+)
You are amphibious.
You can wear up to eight rings at the same time.
You can use your tentacles to constrict eight enemies at once.
Your skin changes colour to match your surroundings (Stealth+).
Your rubbery body absorbs attacks. (AC +1, EV +1)


Message History

Found 9 poisoned needles.
Things that are here:
a short sword; a kobold corpse A kobold comes into view.
It is wielding a whip.
Found a stone staircase leading down.
The kobold shouts!
Found a robe.
The kobold hits you with a whip.
You barely miss the kobold. Your grab misses the kobold.
The kobold hits you with a whip.
You hit the kobold but do no damage. You grab the kobold.
Your squeeze misses the kobold.
You constrict the kobold, but do no damage.
The kobold hits you with a whip.
* * * LOW HITPOINT WARNING * * *
A hobgoblin comes into view. It is wielding a club.
The hobgoblin shouts!
You hit the kobold but do no damage. You constrict the kobold.
The kobold hits you with a whip.
You die...

##..## #...##
#........# #...#
#....# #.####.#.#
#...# #....#####.#
#.#.# ....#
#....##...)# #.# .
....#
#...###....####.# .#
....# # ##..#
#.........# . ....#
#.[#######....######
#. ....#
#..g..........#
.......
......K@...#..#
...####
#.#.##.)......# #+##
#........#..#
#####....#..#
.....#..# ###.>##...
##.# ## #.#


You could see a hobgoblin and a kobold.

Vanquished Creatures
  A bat (D:1)
  A goblin (D:1)
  A hobgoblin (D:1)
  3 kobolds (D:1)
  A frilled lizard (D:1)
  5 rats (D:1)
12 creatures vanquished.

Notes
Turn   | Place    | Note
-------+----------+-------------------------------------------
     0 | D:1      | ArtsTyrian the Octopode Wanderer began the quest for the Orb.
     0 | D:1      | ArtsTyrian set off with: a lamp of fire, Sif Muna's Guide on Clay, a scroll of teleportation, a +0 dagger, a bread ration
     0 | D:1      | Reached XP level 1. HP: 11/11 MP: 3/3
     0 | D:1      | Identified Sif Muna's Guide on Clay
     2 | D:1      | Learned a level 1 spell: Sandblast
   100 | D:1      | Found a glowing golden altar of the Shining One.
   151 | D:1      | Reached XP level 2. HP: 16/17 MP: 3/5
   338 | D:1      | Slain by a kobold

Vault maps used:
D:1:      dpeg_arrival_ratfight, tso_metal_star

Action                   || total
-------------------------++-------
Melee: Dagger            ||    27
       Constrict         ||    10
       Tentacles         ||     5
 Stab: Sleeping          ||     1
Armor: Skin              ||    11
Dodge: Dodged            ||    22
